 Dungeon Crawl Stone Soup version bcrawl-1.12-10-g10a67aac0f (webtiles) character file.

Game seed: 17418216211497756112

0 MisterOstroum the Sneak (level 1, 9/15 HPs)
             Began as a Formicid Archaeologist on June 16, 2019.
             Quit the game on level 1 of the Dungeon.
             The game lasted 00:00:22 (67 turns).

MisterOstroum the Sneak (Formicid Archaeologist)      Turns: 67, Time: 00:00:22

Health: 9/15       AC:  7    Str: 15    XL:     1   Next: 11%
Magic:  1/1        EV: 12    Int: 13    God:
Gold:   0          SH:  0    Dex:  9    Spells: 0/0 levels left

rFire    . . .     SeeInvis +   g - -2 dagger (curse)
rCold    . . .     Gourm    .   (no shield)
rNeg     . . .     Faith    .   a - +1 robe
rPois    .         Spirit   .   (helmet unavailable)
rElec    .         Reflect  .   (no cloak)
rCorr    .         Harm     .   c - +1 pair of gloves
MR       .....                  b - +1 pair of boots
Stlth    ++........             (no amulet)
HPRegen  0.05/turn              (no ring)
MPRegen  0.07/turn              (no ring)

@: no status effects
A: permanent stasis, dig shafts and tunnels, four strong arms, antennae 3
a: Dig, Shaft Self


You were on level 1 of the Dungeon.
You were not hungry.

You visited 1 branch of the dungeon, and saw 1 of its levels.

Inventory:

Hand Weapons
 g - a cursed -2 dagger (weapon)
Armour
 a - a +1 robe (worn)
 b - a +1 pair of boots (worn)
 c - a +1 pair of gloves (worn)
Miscellaneous
 d - a dusty tome
 f - an ancient crate
Comestibles
 e - a ration {!d}


   Skills:
 + Level 1.2 Fighting
 - Level 2.6 Dodging
 - Level 4.0 Stealth


You couldn't memorise any spells.
You didn't know any spells.
Your spell library was empty.

Dungeon Overview and Level Annotations

Branches:
Dungeon (1/12)

Altars:


Innate Abilities, Weirdness & Mutations

You cannot be hasted, slowed, berserked, paralysed or teleported.
You can dig through walls and to a lower floor.
Your four strong arms can wield two-handed weapons with a shield.
You have a pair of large antennae on your head. (SInv)


Message History

e - a ration;
f - an ancient crate Welcome, MisterOstroum the Formicid Archaeologist.
Will you prevail where others failed? Will you find the Orb of Zot?
Press ? for a list of commands and other information.
Found a staircase leading out of the dungeon.
You open the door.
There is an open door here.
You open the door.
You sense a monster nearby.
There is an open door here.
As you open the door, it creaks loudly!
You hear a shout! x3
A kobold comes into view. It is wielding a +0 short sword.
A kobold is nearby!
A hobgoblin and a kobold come into view.
The kobold shouts!
Found a runed dagger.
Found a stone staircase leading down.
There is an open door here.
You barely miss the kobold.
The kobold throws a stone.
The stone misses you. The kobold hits you with a +0 club.
You hit the kobold but do no damage. The kobold hits you but does no damage.
You hit the kobold but do no damage. You hit the kobold but do no damage.
The kobold hits you with a +0 club. The hobgoblin completely misses you.
You hit the kobold but do no damage. The kobold misses you.
The kobold hits you but does no damage.
The hobgoblin hits you but does no damage.
You closely miss the kobold.
The kobold hits you but does no damage. x2
The hobgoblin misses you.
You barely miss the kobold. The kobold barely misses you.
The kobold hits you with a +0 club. The hobgoblin closely misses you.
You miss the kobold.
The kobold hits you but does no damage. x2
The hobgoblin hits you with a +0 club.
You are too injured to fight recklessly!
You are too injured to fight recklessly!
You are too injured to fight recklessly!
You are too injured to fight recklessly!
You are too injured to fight recklessly!
You are too injured to fight recklessly!
You are too injured to fight recklessly!
You are too injured to fight recklessly!
You are too injured to fight recklessly!
You are too injured to fight recklessly!
There is an open door here.
There's a creature in the doorway!
There is an open door here.
A bat comes into view.
The bat hits you but does no damage.
You hit the bat but do no damage. The bat hits you but does no damage.
You hit the bat.
The bat is moderately wounded.
The bat barely misses you. The kobold hits you but does no damage.
The bat hits you but does no damage. The bat barely misses you.
The kobold misses you.
You hit the bat but do no damage.
The bat is moderately wounded.
The bat misses you. The kobold hits you but does no damage.
The kobold completely misses you. The bat hits you but does no damage.
You closely miss the bat.
The bat is moderately wounded.
The bat misses you. The bat hits you but does no damage.
The kobold closely misses you. The kobold barely misses you.
You hit the bat.
You kill the bat!
The kobold closely misses you. The kobold completely misses you.
You see here a bat corpse.
There is a stone staircase leading down here.
You see here a runed dagger.
g - a runed dagger The kobold hits you but does no damage.
Wield which item (- for none, * to show all)? (? for menu, Esc to quit)
It sticks to your hand!
g - a cursed -2 dagger (weapon)
The kobold closely misses you.
Are you sure you want to abandon this character and quit the game? (Confirm with "yes".)

##....###'###.........#
#....# #.###...........
#....# #...'...........
####.########...........
.........g.†............
##..#####.###...........
.#..# #.# #.g.........
.#..# #.. +.KK........
.'..+ #.###...@.......
.#..# #.# #...........
.#### #.# #...........
## #.# #........... {
#....##+#### ######


You could see a hobgoblin and 2 kobolds.

Vanquished Creatures
  A bat (D:1)
1 creature vanquished.

Notes
Turn   | Place    | Note
-------+----------+-------------------------------------------
     0 | D:1      | MisterOstroum the Formicid Archaeologist began the quest
                  | for the Orb.
     0 | D:1      | Reached XP level 1. HP: 15/15 MP: 1/1
    67 | D:1      | Quit the game

Action                   || total
-------------------------++-------
Melee: Unarmed           ||    13
Armor: Robe              ||    14
Dodge: Dodged            ||    17
